Map: Orbital Shipyard

Players

Miszu - Winner!

  • Race: Terran Terran
  • League: Grandmaster

Maledictum

  • Race: Terran Terran
  • League: Master

VOD

Have the link to the VOD?

Description

Time

  • Played on: Feb. 22, 2016, 5:40 p.m.
  • Length: 7:53
Show
View Real Time Build Order
Export as new Build Order

Miszu Terran - Winner!

Build Orders:  

Get SALT Encoding   

  12  0:00  SCV  
  13  0:12  SCV  
  14  0:17  Supply Depot  
  14  0:24  SCV  
  15  0:39  SCV  
  16  0:44  Barracks  
  16  0:47  Refinery  
  16  0:51  SCV  
  17  1:03  SCV  
  18  1:15  SCV  
  19  1:31  Orbital Command  
  19  1:33  Barracks Reactor  
  19  1:42  Command Center  
  19  1:51  Supply Depot  
  19  1:56  SCV  
  20  2:08  SCV  
  20  2:09  Factory  
  20  2:11  Marine  
  22  2:15  Marine  
  22  2:22  SCV  
  24  2:29  Marine  
  25  2:33  Marine  
  25  2:34  SCV  
  27  2:38  Supply Depot  
  27  2:46  SCV  
  27  2:47  Refinery  
  28  2:52  Marine x2  
  28  2:55  Starport  
  28  2:58  Factory Tech Lab, SCV  
  32  3:06  Orbital Command  
  32  3:11  SCV  
  32  3:19  Marine x2, Widow Mine  
  36  3:23  SCV  
  37  3:31  Medivac  
  39  3:36  SCV  
  39  3:39  Marine x2  
  39  3:40  SCV  
  42  3:48  SCV  
  42  3:50  Supply Depot  
  42  3:52  SCV  
  44  3:59  Marine x2  
  44  4:01  SCV  
  47  4:04  Siege Tank  
  47  4:05  SCV  
  51  4:12  Viking  
  51  4:13  SCV  
  51  4:16  Supply Depot  
  54  4:17  SCV  
  54  4:18  Marine  
  56  4:25  SCV  
  56  4:29  SCV  
  53  4:44  SCV  
  51  4:54  Marine, SCV  
  53  5:00  SCV  
  53  5:03  Marine  
  53  5:06  SCV  
  54  5:12  Marine  
  47  5:21  Marine  
  47  5:24  Siege Tank  
  47  5:25  SCV  
  46  5:30  Marine  
  46  5:33  SCV  
  47  5:37  SCV  
  47  5:39  Marine  
  49  5:45  SCV  
  49  5:48  Marine  
  49  5:49  SCV  
  52  5:57  Marine, SCV  
  52  6:01  SCV  
  54  6:05  Barracks  
  54  6:06  Supply Depot, Marine, Siege Tank  
  54  6:07  Barracks  
  54  6:09  SCV  
  59  6:13  SCV  
  59  6:15  Marine  
  61  6:19  Refinery x2  
  61  6:20  Starport Reactor  
  61  6:23  SCV  
  61  6:24  Marine  
  61  6:26  SCV  
  61  6:28  Supply Depot  
  61  6:32  Marine  
  63  6:40  Siege Tank, SCV  
  63  6:41  SCV  
  63  6:42  Marine  
  69  6:50  Marine  
  69  6:52  SCV  
  69  6:54  Barracks Tech Lab x2  
  71  6:58  Supply Depot, Medivac, SCV  
  71  6:59  Marine  
  74  7:05  SCV  
  74  7:08  Marine  
  71  7:10  SCV  
  63  7:17  Marine  
  63  7:19  Marine x2, SCV  
  67  7:26  Marine  
  70  7:41  SCV  
Show
View Real Time Build Order
Export as new Build Order

Maledictum Terran 

Build Orders:  

Get SALT Encoding   

  12  0:02  SCV  
  13  0:14  SCV  
  13  0:20  Supply Depot  
  14  0:26  SCV  
  15  0:41  SCV  
  16  0:44  Barracks  
  16  0:48  Refinery  
  16  0:52  Refinery  
  16  0:53  SCV  
  17  1:05  SCV  
  18  1:17  SCV  
  20  1:33  Barracks Reactor  
  20  1:36  Orbital Command  
  19  1:46  Supply Depot  
  19  1:50  Factory  
  19  2:01  SCV  
  20  2:11  Reaper x2  
  20  2:14  Refinery  
  22  2:27  SCV  
  22  2:34  Factory Tech Lab  
  22  2:35  Starport  
  22  2:38  Supply Depot  
  22  2:39  SCV  
  23  2:51  Marine, SCV  
  24  2:52  Marine  
  24  2:53  Siege Tank  
  29  3:03  Supply Depot  
  29  3:07  SCV  
  30  3:17  Medivac  
  32  3:21  SCV  
  32  3:22  Marine x2  
  35  3:38  Siege Tank  
  38  3:43  Command Center  
  36  3:53  Medivac  
  36  3:55  Marine x2  
  40  3:57  SCV  
  40  4:02  Supply Depot  
  41  4:11  Engineering Bay  
  41  4:17  Marine x2, Siege Tank  
  46  4:36  Marine x2  
  47  4:44  SCV  
  45  4:50  Medivac  
  47  4:53  Marine  
  47  4:54  Marine  
  43  5:01  SCV  
  43  5:02  Siege Tank  
  46  5:07  Orbital Command  
  39  5:31  SCV  
  39  5:33  Medivac  
  42  5:36  SCV  
  42  5:38  Marine  
  43  5:43  SCV  
  43  5:45  Marine  
  45  5:56  Marine  
  46  6:00  SCV  
  46  6:02  SCV  
  46  6:12  Marine, Siege Tank, SCV  
  46  6:14  SCV  
  52  6:21  Viking  
  52  6:24  Barracks  
  54  6:26  Barracks, SCV  
  54  6:27  SCV  
  56  6:38  SCV  
  56  6:39  Marine x2  
  59  6:41  SCV  
  60  6:50  SCV  
  61  6:56  Marine  
  61  6:58  SCV  
  61  7:00  Marine  
  64  7:01  Siege Tank  
  64  7:03  SCV  
  65  7:14  Marine  
  65  7:18  Marine  
  65  7:19  SCV  
  65  7:21  SCV  
  63  7:31  SCV  
  63  7:33  SCV  
  63  7:35  Barracks Tech Lab x2  
  63  7:36  Barracks  
  65  7:41  Barracks  
Tags
 
Add a new tag
Caveats
  • Supply blocks, unpowered buildings, or Contaminate may cause inaccurate times.
  • Supply counts are checked every 10 seconds.